 Dungeon Crawl Stone Soup version 0.18-a0-1203-gbde16db (webtiles) character file.

253316 xsm the Executioner (level 18, -26/144 HPs)
             Began as a Minotaur Gladiator on Jan 31, 2016.
             Was the Champion of Okawaru.
             Splashed with acid (50 damage)
             ... on level 1 of the Pits of Slime.
             The game lasted 03:46:23 (16236 turns).

xsm the Executioner (Minotaur Gladiator)           Turns: 16236, Time: 03:46:23

Health: -26/144    AC: 25    Str: 26    XL:     18   Next: 50%
Magic:  23/23      EV: 13    Int:  4    God:    Okawaru [******]
Gold:   1256       SH:  0    Dex: 18    Spells: 6 memorised, 17 levels left

rFire  . . .     SeeInvis +     l - +11 executioner's axe of Disembowelment {chop, SInv}
rCold  + . .     Gourm    .     p - +9 plate armour {ponderous}
rNeg   . . .     Faith    .     (shield currently unavailable)
rPois  +         Spirit   .     c - +2 hat
rElec  .         Dismiss  .     X - +2 cloak
rCorr  .         Reflect  .     z - +2 pair of gloves "Cenatsir" {rPois Stlth+}
SustAt .         Harm     .     B - +2 pair of boots of Tenuach {Str+6}
MR     +....     Rnd*Rage +     (no amulet)
Stlth  ..........               (no ring)
                                C - ring of protection from cold

@: exhausted, corroded equipment, slowed, studying 2 skills, drained, very slow,
somewhat resistant to hostile enchantments, extremely unstealthy
A: retaliatory headbutt, horns 2, berserk 2, blurry vision 2, deterioration 1,
dopey 1, frail 1, low mp 1, poison resistance, slow regeneration 1, MP-powered
wands
a: Heroism, Finesse, Renounce Religion
}: 3/15 runes: serpentine, barnacled, slimy


You were on level 1 of the Pits of Slime.
You worshipped Okawaru.
Okawaru was exalted by your worship.
You were very hungry.

You visited 7 branches of the dungeon, and saw 40 of its levels.
You also visited: Labyrinth and Ice Cave.

You collected 2143 gold pieces.
You spent 887 gold pieces at shops.

Inventory:

Hand Weapons
 a - the +6 war axe "Acyohopt" {chop, rN+ Str+3 Dex+3 SInv}
   (You found it on level 14 of the Dungeon)

   It inflicts extra damage upon your enemies.
   It affects your strength (+3).
   It affects your dexterity (+3).
   It protects you from negative energy.
   It lets you see invisible.
 g - a +4 blowgun
 l - the +11 executioner's axe of Disembowelment (weapon) {chop, SInv}
   (Okawaru gifted it to you on level 2 of the Orcish Mines)

   It inflicts extra damage upon your enemies.
   It lets you see invisible.
 w - a +2 demon whip of electrocution
Missiles
 k - 6 poisoned javelins (quivered)
 m - 3 throwing nets
 V - 5 needles of sleeping
Armour
 c - a +2 hat (worn)
 p - a +9 plate armour of ponderousness (worn)
 v - the +1 scale mail of the Cuttlefish {rF+ Int+4 Stlth+}
   (You found it on level 15 of the Dungeon)

   It affects your intelligence (+4).
   It protects you from fire.
   It makes you more stealthy.
 z - the +2 pair of gloves "Cenatsir" (worn) {rPois Stlth+}
   (You found it in an ice cave)

   It protects you from poison.
   It makes you more stealthy.
 B - the +2 pair of boots of Tenuach (worn) {Str+6}
   (You found it on level 8 of the Lair of Beasts)

   It affects your strength (+6).
 G - the +3 ring mail of Divine Intervention {+Blink rC+++ rCorr Int-3}
   (You found it on level 6 of the Pits of Slime)

   It affects your intelligence (-3).
   It renders you almost immune to cold.
   It lets you blink.
   It protects you from acid and corrosion.
 X - a +2 cloak (worn)
Rods
 s - a +4 lightning rod (14/14)
   (You found it on level 4 of the Shoals)
Jewellery
 A - an uncursed ring of sustain attributes
 C - a ring of protection from cold (left hand)
 I - a +5 ring of intelligence
 M - an uncursed ring of protection from magic
 O - an uncursed ring of resist corrosion
 P - an uncursed ring of flight
 S - an uncursed ring of stealth
 W - an uncursed ring of wizardry
Wands
 D - a wand of teleportation (4/9)
 K - a wand of teleportation (5/9)
 Z - a wand of disintegration (10/24)
Scrolls
 b - 10 scrolls of teleportation
 d - 2 scrolls of identify
 i - 2 scrolls of recharging
 q - 5 scrolls of remove curse
 x - a scroll of fear
 Q - 3 scrolls of fog
 T - a scroll of immolation
 U - a scroll of summoning
 Y - a scroll of silence
Potions
 e - 2 potions of berserk rage
 h - 2 potions of agility
 o - 7 potions of haste
 r - 4 potions of magic
 u - a potion of invisibility
 y - a potion of cancellation
 F - a potion of beneficial mutation
Books
 H - a manual of Throwing
 N - a manual of Spellcasting
Miscellaneous
 J - a fan of gales
 L - a box of beasts
 R - a phial of floods
Comestibles
 f - 5 bread rations
 j - 11 meat rations
 t - 14 royal jellies
 E - 12 fruits


   Skills:
 + Level 14.5(13.3) Fighting
 - Level 24.0(22.6) Axes
 - Level 2.0(1.1) Throwing
 + Level 13.4(12.2) Armour
 - Level 10.0(8.9) Dodging
 - Level 6.0(5.0) Spellcasting
 - Level 2.4(1.5) Charms
 + Level 6.1(5.2) Summonings
 - Level 2.2(1.3) Necromancy
 - Level 6.0(5.0) Translocations
 - Level 2.5(1.6) Air Magic
 - Level 8.1(7.1) Invocations
 - Level 6.0(5.0) Evocations


You had 17 spell levels left.
You knew the following spells:

 Your Spells              Type           Power        Failure   Level  Hunger
a - Apportation           Tloc           #.........   38%         1    ##.....
b - Summon Butterflies    Summ           #.......     38%         1    ##.....
c - Repel Missiles        Chrm/Air       #.....       99%         2    ###....
d - Phase Shift           Tloc           #.........   100%        5    ######.
e - Swiftness             Chrm/Air       #.......     99%         2    ###....
s - Animate Skeleton      Necr           N/A          98%         1    ##.....


Dungeon Overview and Level Annotations

Branches:
Dungeon (15/15)            Temple (1/1) D:7            Lair (8/8) D:10
 Shoals (4/4) Lair:5        Snake (4/4) Lair:6        Slime (6/6) Lair:6
    Orc (2/2) D:10            Elf (0/3) Orc:2
 Vaults: D:13-14     Depths: D:15

Altars:
Ashenzari
Cheibriados
Dithmenos
Fedhas
Gozag
Kikubaaqudgha
Makhleb
Okawaru
Pakellas
Qazlal
Ru
Sif Muna
Trog
Vehumet
Xom
Yredelemnul
Zin
The Shining One
Jiyva

Shops:
D:6 =   D:7 !   D:9 *   D:12 [   Orc:2 !(%}

Portals:
Pandemonium: Orc:2

Annotations:
Lair:3 Maud


Innate Abilities, Weirdness & Mutations

You reflexively headbutt those who attack you in melee.
You have a pair of horns on your head.
You often lose your temper in combat.
Scrolls take you longer to read.
Your body sometimes deteriorates upon taking damage.
You are dopey. (Int -2)
You are frail (-10% HP).
Your magical capacity is low (-10% MP).
Your system is resistant to poisons.
You regenerate slowly when monsters are visible.
You expend magic power (3 MP) to strengthen your wands.


Message History

The walls burn you!
* * * LOW HITPOINT WARNING * * *
The golden eye blinks at you. You resist with some effort.
The slime creature closely misses you. The acid blob spits acid at you.
The splash of acid hits you! The acid corrodes you!
The acid burns!
* * * LOW HITPOINT WARNING * * *
Unknown command.
You bump into the slime covered rock wall.
The walls burn you!
* * * LOW HITPOINT WARNING * * *
You are no longer berserk.
You are exhausted.
You feel yourself slow down.
You are feeling very hungry.
The slime creature hits you but does no damage. x2
Unknown command.
Drink which item? (? for menu, Esc to quit)
You feel better. The walls burn you!
You die...

##. ##... #....# ... #.#.#
...# ##...
.........##...G#####
..........#...#J@#.## ##
...............J....####.#
.................#..#.#...
...............J.#.....#.#
#............G...........#
..........................
..ยง......................#
..............#.........#
......>......#..<....#...#


You could see an acid blob, 2 slime creatures and 2 golden eyes.

Vanquished Creatures
  Dissolution (Slime:6)
  the Royal Jelly (Slime:6)
  13 acid blobs
  6 greater nagas (Snake:4)
  Roxanne (Snake:2)
  Ilsuiw (Shoals:4)
  11 azure jellies
  A frost giant (Shoals:4)
  The ghost of utis the Nimble, an adept KoWz of Okawaru (Orc:2)
  A stone giant (Shoals:2)
  A minotaur (Lab)
  A merfolk javelineer (Shoals:4)
  3 merfolk impalers
  2 blizzard demons (IceCv)
  3 death oozes (Slime:6)
  3 great orbs of eyes
  A hydra (Lair:5)
  19 naga warriors
  2 merfolk avatars
  2 alligator snapping turtles (Shoals:4)
  A merfolk aquamancer (Shoals:4)
  5 anacondas
  A satyr (Shoals:2)
  A catoblepas (Lair:7)
  2 centaur warriors
  6 death yaks (Lair:3)
  7 orc high priests (Orc:2)
  13 naga sharpshooters
  2 shock serpents (Snake:4)
  A soul eater (Orc:2)
  12 sea snakes
  2 unseen horrors
  An infernal demonspawn (Orc:2)
  A giant orange brain (Slime:4)
  A gelid demonspawn (Orc:2)
  A putrid demonspawn (Orc:2)
  7 naga ritualists
  16 harpies
  6 orc knights
  2 hill giants
  9 cyclopes
  5 mana vipers
  5 orc sorcerers (Orc:2)
  5 ugly things
  A wizard (D:14)
  5 shining eyes
  8 griffons
  6 manticores
  3 water nymphs
  2 fauns (Shoals:3)
  9 sirens
  9 salamanders
  2 sixfirhies (Orc:2)
  7 elephants (Lair:5)
  20 black mambas
  22 naga magi
  3 guardian serpents
  8 spiny frogs
  5 ice statues
  2 eyes of devastation
  An orange demon (Orc:2)
  4 gargoyles
  2 kobold demonologists
  5 komodo dragons
  10 ice devils
  An anaconda simulacrum (IceCv)
  A golden dragon simulacrum (IceCv)
  A fire drake (Lair:7)
  5 trolls
  13 merfolk
  2 wind drakes
  A two-headed ogre (D:11)
  11 polar bears
  35 slime creatures
  16 blink frogs
  8 snapping turtles
  A raiju (Lair:8)
  A redback (Snake:3)
  3 dire elephant simulacra (IceCv)
  A vampire (D:13)
  A spriggan (Lair:4)
  10 hippogriffs
  18 yaks
  A wyvern (Lair:8)
  2 water elementals (Shoals:1)
  4 golden eyes
  24 wolves
  A hungry ghost (D:9)
  A mottled dragon (D:12)
  A swamp worm (Snake:4)
  Edmund (D:6)
  An iron troll simulacrum (IceCv)
  40 nagas
  11 wargs
  A harpy simulacrum (IceCv)
  A hydra simulacrum (IceCv)
  10 porcupines
  17 water moccasins
  4 hell hounds (Lair:8)
  2 wasps
  A phantom (D:7)
  23 orc warriors
  2 sky beasts
  15 black bears
  3 ice beasts
  5 eyes of draining
  A necrophage (D:14)
  2 ettin simulacra (IceCv)
  12 ogres
  12 centaurs
  12 crocodiles
  2 big kobolds
  14 giant frogs
  15 killer bees
  16 wights
  An electric eel (Lair:6)
  4 crimson imps
  A giant frog zombie (D:12)
  19 jellies
  15 orc priests
  3 giant frog skeletons
  15 hounds
  A gnoll shaman (D:4)
  4 orc wizards
  4 iguanas
  8 worker ants
  22 sheep
  A hound zombie (D:8)
  9 gnolls
  11 adders
  77 river rats
  A shadow imp (D:9)
  2 adder zombies
  2 adder skeletons (D:4)
  A worm (D:3)
  4 giant geckos
  37 orcs
  7 bats
  3 giant cockroaches
  5 hobgoblins
  15 jackals
  2 quokkas
  A ball python (D:3)
  3 giant newts
  8 goblins
  10 kobolds
  A quokka skeleton (D:4)
  4 rats
  A butterfly (Lair:3)
  2 fungi
  13 plants
1023 creatures vanquished.

Vanquished Creatures (collateral kills)
  A black mamba (Snake:4)
  2 naga magi (Snake:4)
3 creatures vanquished.

Vanquished Creatures (others)
  Donald (Slime:2)
  A naga (Snake:4)
  A hound (Lair:8)
  A jelly (Slime:5)
  2 fungi (Lair:3)
  3 plants (Lair:8)
9 creatures vanquished.

Grand Total: 1035 creatures vanquished

Notes
Turn   | Place    | Note
--------------------------------------------------------------
     0 | D:1      | xsm the Minotaur Gladiator began the quest for the Orb.
     0 | D:1      | Reached XP level 1. HP: 18/18 MP: 0/0
    55 | D:1      | Reached skill level 4 in Axes
   116 | D:1      | Reached XP level 2. HP: 23/25 MP: 1/1
   316 | D:2      | Reached skill level 5 in Axes
   386 | D:2      | Reached XP level 3. HP: 30/30 MP: 2/2
   489 | D:2      | Found a shadowy altar of Dithmenos.
   510 | D:2      | Reached XP level 4. HP: 29/37 MP: 3/3
   550 | D:2      | Found an ancient bone altar of Kikubaaqudgha.
   552 | D:2      | Found an opulent altar of Gozag.
   552 | D:2      | Found a sacrificial altar of Ru.
   552 | D:2      | Found a radiant altar of Vehumet.
   553 | D:2      | Found a shimmering altar of Xom.
   554 | D:2      | Found an iron altar of Okawaru.
   573 | D:2      | Became a worshipper of Warmaster Okawaru
   636 | D:3      | Reached skill level 6 in Axes
   733 | D:3      | Found a stormy altar of Qazlal.
   733 | D:3      | Found a blossoming altar of Fedhas.
  1074 | D:3      | Found a glowing golden altar of the Shining One.
  1344 | D:4      | Reached XP level 5. HP: 35/42 MP: 4/4
  1349 | D:4      | Reached skill level 7 in Axes
  1380 | D:3      | Found a deep blue altar of Sif Muna.
  1380 | D:3      | Found a snail-covered altar of Cheibriados.
  1476 | D:4      | Noticed an ogre
  1506 | D:4      | Reached skill level 1 in Armour
  1538 | D:4      | Noticed a sky beast
  1607 | D:4      | Killed a sky beast
  1607 | D:4      | Reached * piety under Okawaru
  1607 | D:4      | Reached skill level 8 in Axes
  1607 | D:4      | Reached XP level 6. HP: 34/50 MP: 5/5
  1612 | D:4      | Gained mutation: Your system is resistant to poisons. [mutagenic meat]
  1682 | D:4      | Reached skill level 1 in Invocations
  1754 | D:5      | Entered Level 5 of the Dungeon
  1817 | D:5      | Reached XP level 7. HP: 48/56 MP: 5/7
  1847 | D:5      | Reached skill level 9 in Axes
  2108 | D:6      | Noticed Edmund
  2137 | D:6      | Killed Edmund
  2161 | D:6      | Found Ydwyit's Jewellery Shoppe.
  2281 | D:6      | Reached skill level 10 in Axes
  2335 | D:6      | Reached ** piety under Okawaru
  2335 | D:6      | Reached XP level 8. HP: 48/66 MP: 6/9
  2470 | D:7      | Found a staircase to the Ecumenical Temple.
  2491 | Temple   | Entered the Ecumenical Temple
  2527 | D:7      | Found Tuptoapo's Distillery.
  2534 | D:7      | Bought a potion of curing for 48 gold pieces
  2534 | D:7      | Bought a potion of berserk rage for 80 gold pieces
  2752 | D:8      | Reached skill level 5 in Fighting
  2752 | D:8      | Reached skill level 11 in Axes
  3095 | D:8      | Reached XP level 9. HP: 64/74 MP: 10/10
  3126 | D:9      | Reached *** piety under Okawaru
  3142 | D:9      | Reached skill level 12 in Axes
  3151 | D:9      | Reached skill level 5 in Dodging
  3314 | D:9      | Reached skill level 5 in Invocations
  3347 | D:9      | Found Unooluh's General Store.
  3362 | D:9      | Bought a scroll of teleportation for 36 gold pieces
  3362 | D:9      | Bought 2 potions of curing for 72 gold pieces
  3479 | D:9      | Noticed a white ugly thing
  3495 | D:9      | Killed a white ugly thing
  3495 | D:9      | Received a gift from Okawaru
  3495 | D:9      | Reached **** piety under Okawaru
  3495 | D:9      | Reached skill level 13 in Axes
  3568 | D:10     | Entered Level 10 of the Dungeon
  3583 | D:10     | Reached XP level 10. HP: 69/82 MP: 10/12
  3755 | D:10     | Reached skill level 1 in Evocations
  3878 | D:11     | Noticed a centaur warrior
  3888 | D:11     | Killed a centaur warrior
  3888 | D:11     | Reached skill level 14 in Axes
  3949 | D:11     | Upgraded the game from 0.18-a0-1202-g796ae12 to 0.18-a0-1203-gbde16db
  3968 | D:11     | Received a gift from Okawaru
  3968 | D:11     | Reached skill level 5 in Armour
  3984 | D:11     | Noticed a cyan ugly thing
  3992 | D:11     | Killed a cyan ugly thing
  4066 | D:11     | Noticed a gargoyle
  4072 | D:11     | Killed a gargoyle
  4156 | D:11     | Found a glowing golden altar of the Shining One.
  4191 | D:11     | Found a labyrinth entrance.
  4202 | Lab      | Entered a labyrinth
  4486 | Lab      | Noticed a minotaur
  4494 | Lab      | Killed a minotaur
  4494 | Lab      | Reached ***** piety under Okawaru
  4513 | Lab      | Identified the Collected Works on Feathers (You found it in a labyrinth)
  4583 | D:11     | Reached XP level 11. HP: 89/89 MP: 11/13
  4586 | D:11     | Received a gift from Okawaru
  4650 | D:11     | Killed an unseen horror
  4650 | D:11     | Reached skill level 15 in Axes
  5021 | D:12     | Found Icre's Antique Armour Shoppe.
  5044 | D:12     | Bought a pair of glowing gloves for 99 gold pieces
  5424 | D:13     | Reached skill level 16 in Axes
  5440 | D:13     | Noticed a griffon
  5446 | D:13     | Killed a griffon
  5509 | D:13     | Received a gift from Okawaru
  5932 | D:14     | Noticed a cyan ugly thing
  5934 | D:14     | Noticed a cyan ugly thing
  5934 | D:14     | Noticed a cyan ugly thing
  5942 | D:14     | Killed a cyan ugly thing
  5942 | D:14     | Reached skill level 17 in Axes
  5951 | D:14     | Killed a green ugly thing
  5958 | D:14     | Killed a brown ugly thing
  6100 | D:15     | Entered Level 15 of the Dungeon
  6100 | D:15     | Noticed an ogre mage
  6121 | D:14     | Noticed a centaur warrior
  6127 | D:14     | Killed a centaur warrior
  6127 | D:14     | Received a gift from Okawaru
  6127 | D:14     | Reached XP level 12. HP: 68/100 MP: 13/15
  6156 | D:14     | Got an ancient war axe
  6157 | D:14     | Identified the +6 war axe "Acyohopt" {chop, rN+ Str+3 Dex+3 SInv} (You found it on level 14 of the Dungeon)
  6285 | D:15     | Noticed a five-headed hydra
  6399 | D:14     | Found a blossoming altar of Fedhas.
  6458 | D:15     | Found a shimmering altar of Xom.
  6594 | D:15     | Got a crude scale mail
  6605 | D:15     | Identified the cursed +1 scale mail of the Cuttlefish {rF+ Int+4 Stlth+} (You found it on level 15 of the Dungeon)
  6849 | D:10     | Found a staircase to the Lair.
  6963 | D:10     | Found a staircase to the Orcish Mines.
  6969 | Orc:1    | Entered Level 1 of the Orcish Mines
  7021 | Orc:2    | Entered Level 2 of the Orcish Mines
  7046 | Orc:2    | Noticed utis's ghost (adept KoWz)
  7347 | Orc:2    | Killed utis's ghost
  7356 | Orc:2    | Found a staircase to the Elven Halls.
  7366 | Orc:2    | Reached ****** piety under Okawaru
  7531 | Orc:2    | Reached skill level 18 in Axes
  7565 | Orc:2    | Found Ninwylal's Distillery.
  7567 | Orc:2    | Found Roguv's Food Shoppe.
  7630 | Orc:2    | Bought a potion of agility for 48 gold pieces
  7630 | Orc:2    | Bought a potion of heal wounds for 60 gold pieces
  7630 | Orc:2    | Bought a potion of curing for 36 gold pieces
  7832 | Orc:2    | Noticed an orc high priest
  7832 | Orc:2    | Noticed an orc high priest
  7874 | Orc:2    | Reached XP level 13. HP: 75/111 MP: 14/17
  7967 | Orc:2    | Received a gift from Okawaru
  8050 | Orc:2    | Received a gift from Okawaru
  8051 | Orc:2    | Got a slimy executioner's axe {god gift}
  8059 | Orc:2    | Reached skill level 10 in Fighting
  8206 | Orc:2    | Found Zilycraiwa's Gadget Boutique.
  8206 | Orc:2    | Found Ureu's Antique Weapon Shop.
  8206 | Orc:2    | Found a one-way gate leading to the halls of Pandemonium.
  8209 | Orc:2    | Received a gift from Okawaru
  8215 | Orc:2    | Reached skill level 19 in Axes
  8220 | Orc:2    | Bought a wand of teleportation (4/9) for 408 gold pieces
  8222 | Orc:2    | Identified the +11 executioner's axe of Disembowelment {chop, SInv} (Okawaru gifted it to you on level 2 of the Orcish Mines)
  8346 | Lair:1   | Entered Level 1 of the Lair of Beasts
  8815 | Lair:3   | Received a gift from Okawaru
  9007 | Lair:3   | Noticed Maud
  9069 | Lair:3   | Reached XP level 14. HP: 100/124 MP: 12/19
  9078 | Lair:3   | Reached skill level 10 in Dodging
  9217 | Lair:4   | Learned a level 1 spell: Apportation
  9219 | Lair:4   | Learned a level 1 spell: Summon Butterflies
  9222 | Lair:4   | Learned a level 2 spell: Repel Missiles
  9228 | Lair:4   | Learned a level 5 spell: Phase Shift
  9231 | Lair:4   | Learned a level 2 spell: Swiftness
  9281 | Lair:4   | Received a gift from Okawaru
  9385 | Lair:5   | Found a staircase to the Shoals.
  9461 | Lair:6   | Reached skill level 20 in Axes
  9498 | Lair:6   | Received a gift from Okawaru
  9628 | Lair:6   | Found a staircase to the Snake Pit.
  9723 | Lair:7   | Learned a level 1 spell: Animate Skeleton
  9740 | Lair:7   | Reached skill level 10 in Armour
  9826 | Lair:8   | Entered Level 8 of the Lair of Beasts
  9882 | Lair:6   | Found a staircase to the Slime Pits.
  9970 | Lair:8   | Reached skill level 1 in Spellcasting
 10005 | Lair:8   | Got a pair of smoking boots
 10011 | Lair:8   | Identified the +2 pair of boots of Tenuach {Str+6} (You found it on level 8 of the Lair of Beasts)
 10042 | Lair:8   | Reached skill level 1 in Necromancy
 10575 | Snake:1  | Entered Level 1 of the Snake Pit
 10647 | Snake:2  | Received a gift from Okawaru
 10649 | Snake:2  | Reached XP level 15. HP: 70/132 MP: 18/20
 10650 | Snake:2  | Reached skill level 21 in Axes
 10667 | Snake:2  | Noticed Roxanne
 10689 | Snake:2  | Killed Roxanne
 10927 | Snake:2  | Reached skill level 5 in Evocations
 10942 | Snake:2  | Received a gift from Okawaru
 10970 | Snake:2  | Found a frozen archway.
 10999 | IceCv    | Entered an ice cave
 11354 | IceCv    | Got a pair of encrusted gloves
 11368 | IceCv    | Identified the +2 pair of gloves "Cenatsir" {rPois Stlth+} (You found it in an ice cave)
 11575 | Snake:3  | Reached skill level 1 in Translocations
 11692 | Snake:4  | Entered Level 4 of the Snake Pit
 11704 | Snake:4  | Received a gift from Okawaru
 11718 | Snake:4  | Reached skill level 22 in Axes
 11946 | Snake:4  | Noticed a greater naga
 11947 | Snake:4  | Noticed a greater naga
 11954 | Snake:4  | Killed a greater naga
 11969 | Snake:4  | Received a gift from Okawaru
 11970 | Snake:4  | Got a polished cloak {god gift}
 11973 | Snake:4  | Noticed a greater naga
 11981 | Snake:4  | Killed a greater naga
 11981 | Snake:4  | Reached XP level 16. HP: 54/139 MP: 17/22
 12008 | Snake:3  | Identified the -4 cloak "Wuewo Qux" {*Corrode rElec Int+10} (Okawaru gifted it to you on level 4 of the Snake Pit)
 12137 | Snake:4  | Reached skill level 5 in Spellcasting
 12650 | Snake:4  | Found a sacrificial altar of Ru.
 12679 | Snake:4  | Received a gift from Okawaru
 12679 | Snake:4  | Reached skill level 23 in Axes
 12894 | Snake:4  | Received a gift from Okawaru
 12904 | Snake:4  | Got a serpentine rune of Zot
 13152 | Shoals:1 | Entered Level 1 of the Shoals
 13366 | Shoals:1 | Reached skill level 1 in Air Magic
 13385 | Shoals:1 | Reached skill level 1 in Charms
 13385 | Shoals:1 | Received a gift from Okawaru
 13392 | Shoals:1 | Reached skill level 5 in Translocations
 13487 | Shoals:2 | Reached XP level 17. HP: 57/146 MP: 25/25
 13684 | Shoals:4 | Entered Level 4 of the Shoals
 13789 | Shoals:4 | Noticed Ilsuiw
 14101 | Shoals:4 | Killed Ilsuiw
 14146 | Shoals:4 | Reached skill level 1 in Summonings
 14329 | Shoals:4 | Reached skill level 24 in Axes
 14670 | Shoals:4 | Got a barnacled rune of Zot
 14806 | Slime:1  | Entered Level 1 of the Pits of Slime
 14817 | Slime:1  | Gained mutation: Scrolls take you a little longer to read. [a shining eye]
 14822 | Slime:1  | Received a gift from Okawaru
 14827 | Slime:1  | Noticed an acid blob
 14833 | Slime:1  | Noticed an acid blob
 14840 | Slime:1  | Killed an acid blob
 14841 | Slime:1  | Killed an acid blob
 14946 | Slime:2  | Killed Donald
 14949 | Slime:1  | Noticed an acid blob
 14995 | Slime:3  | Noticed an acid blob
 15001 | Slime:3  | Killed an acid blob
 15001 | Slime:3  | Received a gift from Okawaru
 15003 | Slime:3  | Noticed an acid blob
 15116 | Slime:3  | Killed an acid blob
 15127 | Slime:3  | Got a crystal battleaxe {god gift}
 15129 | Slime:3  | Identified the +4 battleaxe "Plog" {drain, Str+3} (Okawaru gifted it to you on level 3 of the Pits of Slime)
 15270 | Slime:4  | Gained mutation: You are frail (-10% HP). [a shining eye]
 15298 | Slime:4  | Gained mutation: You expend magic power (3 MP) to strengthen your wands. [a shining eye]
 15305 | Slime:4  | Gained mutation: You are dopey. (Int -2) [a shining eye]
 15308 | Slime:4  | Gained mutation: You regenerate slowly when monsters are visible. [a shining eye]
 15310 | Slime:4  | Gained mutation: You tend to lose your temper in combat. [a shining eye]
 15530 | Slime:6  | Entered Level 6 of the Pits of Slime
 15586 | Slime:6  | Noticed an acid blob
 15588 | Slime:6  | Noticed an acid blob
 15593 | Slime:6  | Killed an acid blob
 15599 | Slime:6  | Received a gift from Okawaru
 15601 | Slime:6  | Killed an acid blob
 15605 | Slime:6  | Reached XP level 18. HP: 58/142 MP: 26/26
 15719 | Slime:6  | Found a viscous altar of Jiyva.
 15720 | Slime:6  | Noticed the Royal Jelly
 15731 | Slime:6  | Killed the Royal Jelly
 15731 | Slime:6  | Reached skill level 5 in Summonings
 15768 | Slime:6  | Gained mutation: Your body sometimes deteriorates upon taking damage. [a shining eye]
 15775 | Slime:6  | Noticed Dissolution
 15781 | Slime:6  | Gained mutation: Your magical capacity is low (-10% MP). [a shining eye]
 15918 | Slime:6  | Gained mutation: You often lose your temper in combat. [a shining eye]
 15919 | Slime:6  | Gained mutation: Scrolls take you longer to read. [a shining eye]
 15922 | Slime:6  | Killed Dissolution
 15922 | Slime:6  | Received a gift from Okawaru
 15922 | Slime:6  | Received a gift from Okawaru
 16062 | Slime:6  | Got an encrusted ring mail
 16085 | Slime:6  | Identified the +3 ring mail of Divine Intervention {+Blink rC+++ rCorr Int-3} (You found it on level 6 of the Pits of Slime)
 16131 | Slime:6  | Got a slimy rune of Zot
 16236 | Slime:1  | Splashed with acid

Vault maps used:
D:1:      dpeg_arrival_refuge
D:2:      minitemple, st_stairs_13, hangedman_abyss_or_decor_lesser_grid,
          nicolae_dithmenos_through_a_glass_darkly
D:3:      grunt_temple_overflow_forces_of_nature, marbit_many_paths,
          overflow_temple_1_default, nicolae_overflow_hidden_temple,
          first_bread, corexii_shack, uniq_grinder
D:4:      due_unseen_surprise
D:5:      serial_bayou_lake_a
D:6:      serial_shops, nicolae_shop_statue_plus, uniq_crazy_yiuf_cottage,
          uniq_edmund
D:7:      minmay_temple_entry_statues_fountains, serial_shops, shop
D:9:      serial_shops, shop, hangedman_fish_farm
D:10:     dpeg_oklobed_lair, orc_0_dummy, uniq_gastronok, uniq_nergalle
D:11:     lab_entry_generic, bh_chokoban, tso_altar
D:12:     serial_shops, nicolae_shop_crystal
D:14:     david_vaults_4, lemuel_round_altar
D:15:     grunt_enter_depths_snipers, basic_altar, minivault_14
Temple:   pf_slimified_temple
Lair:1:   grunt_megastairs_3
Lair:2:   grunt_megastairs_2, infiniplex_staircase_pool_2
Lair:3:   lemuel_fruit_fields, uniq_maud
Lair:4:   grunt_forest_stairs_clearing, grunt_megastairs_5, lemuel_fruit_fields
Lair:5:   shoals_dummy_entry, hangedman_lair_unloving_vines,
          infiniplex_staircase_pool, grunt_megastairs_4
Lair:6:   guppyfry_snake_entry_garden, dpeg_slime_entry_corner,
          serial_bayou_shore_a
Lair:8:   hangedman_lair_caniforms_friends
Shoals:1: hangedman_shoals_cup_caves
Shoals:4: shoals_end_grunt_ice, shoal_ilsuiw
Snake:1:  uniq_nikola
Snake:2:  portal_ice_cave_entry_ice_statue_02, uniq_roxanne
Snake:3:  dpeg_oklob_gauntlet, stair_cage_line
Snake:4:  snake_pit, lemuel_altar_in_water2, basic_stair_grate_trap,
          serial_bayou_shore_b
Slime:2:  cheibrodos_slime_lost_civilization_7, uniq_donald
Slime:3:  cheibrodos_slime_lost_civilization_2,
          cheibrodos_slime_lost_civilization_5
Slime:6:  uniq_dissolution
Orc:2:    pf_orc_diabolical, nicolae_orc_pool_cavern
Lab:      nicolae_lab_dead_adventurers
IceCv:    ice_cave_tombish

Action                   |  1- 3 |  4- 6 |  7- 9 | 10-12 | 13-15 | 16-18 || total
-------------------------+-------+-------+-------+-------+-------+-------++-------
Melee: War axe           |    59 |   110 |    65 |   184 |   280 |       ||   698
       Battleaxe         |       |       |   142 |   300 |       |     1 ||   443
       Demon whip        |       |       |       |       |    23 |       ||    23
       Executioner's axe |       |       |       |       |   528 |   618 ||  1146
       Broad axe         |       |       |       |       |     4 |       ||     4
 Fire: Shortbow          |       |       |     7 |       |       |       ||     7
       Blowgun           |       |       |       |    23 |     7 |       ||    30
Throw: Throwing net      |     1 |    14 |     2 |     8 |       |       ||    25
       Javelin           |       |       |       |    30 |    33 |    11 ||    74
 Cast: Animate Skeleton  |       |       |       |       |       |     8 ||     8
       Apportation       |       |       |       |       |       |     4 ||     4
Invok: Heroism           |       |       |     8 |    27 |    31 |    28 ||    94
       Finesse           |       |       |       |       |     4 |     5 ||     9
Evoke: Wand              |       |       |     3 |     9 |     7 |    19 ||    38
  Use: Potion            |       |       |     1 |     7 |     5 |    28 ||    41
       Scroll            |       |       |    13 |    13 |    11 |    12 ||    49
 Stab: Held in net/web   |       |     2 |     1 |     5 |       |       ||     8
       Confused          |       |       |     2 |     3 |       |       ||     5
       Sleeping          |       |       |       |       |     2 |       ||     2
       Distracted        |       |       |       |       |       |     3 ||     3
       Invisible         |       |       |       |       |       |     9 ||     9
  Eat: Chunk             |       |     4 |     6 |    12 |     9 |     7 ||    38
       Pizza             |       |       |     1 |     1 |     3 |       ||     5
       Beef jerky        |       |       |       |     3 |     1 |     1 ||     5
       Bread ration      |       |       |       |       |     1 |     3 ||     4
       Fruit             |       |       |       |       |       |     3 ||     3
